[Event "ICCopen2017"]
[Site "Internet Chess Club"]
[Date "2017.03.19"]
[Round "8"]
[White "GYMEJR"]
[Black "zitvex"]
[Result "0-1"]
[ICCResult "White forfeits on time"]
[WhiteElo "1595"]
[BlackElo "1850"]
[Opening "Queen's pawn: London system"]
[ECO "A45"]
[NIC "QP.07"]
[Time "20:38:39"]
[TimeControl "180+0"]

1. d4 Nf6 2. Bf4 g6 3. e3 Bg7 4. c3 O-O 5. h3 d6 6. Bd3 c5 7. Nf3 Nc6 8.
Nbd2 e5 9. Bg5 h6 10. Bxf6 Qxf6 11. d5 Nb8 12. e4 Nd7 13. c4 Qe7 14. Qc2 a6
15. g4 Rb8 16. O-O-O b5 17. cxb5 axb5 18. Kb1 c4 19. Be2 Nc5 20. h4 Ra8 21.
a3 Qa7 22. Bxc4 bxc4 23. Nxc4 Qa6 24. Rdg1 Bd7 25. g5 Ba4 26. Qe2 Bb5 27.
Nfd2 h5 28. Rc1 Rfb8 29. Rh3 Rb7 30. Rhc3 Rab8 31. Ka2 Bf8 32. f3 Bxc4+ 33.
Nxc4 Rxb2+ 34. Qxb2 Rxb2+ 35. Kxb2 Na4+ 36. Kb3 Nxc3 37. Rxc3 Qb5+ 38. Kc2
Qc5 39. a4 Be7 40. a5 Bd8 41. Nb6 Qxa5 42. Nd7 Bb6 43. Nf6+ Kg7 44. Rc8 Bd8
45. Rc6 Bxf6 46. gxf6+ Kxf6 47. Rxd6+ Kg7 48. Rc6 Qa4+ 49. Kd3 Qa3+ 50. Rc3
Qa1 51. Kc4 Qf1+ 52. Kc5 Qf2+ 53. Kd6 Qxh4 54. Rc6 Qd8+ 55. Kxe5 h4 56. Rd6
Qe7+ 57. Re6 h3 58. Rxe7 h2 59. d6 h1=Q 60. d7 Qa1+ 61. Kd6 Qa3+ 62. Kc7
Qxe7 {White forfeits on time} 0-1

[Event "ICCopen2017"]
[Site "Internet Chess Club"]
[Date "2017.03.19"]
[Round "8"]
[White "cheslikeyomama"]
[Black "Pachec"]
[Result "0-1"]
[ICCResult "White forfeits on time"]
[WhiteElo "1377"]
[BlackElo "1414"]
[Opening "Queen's pawn game"]
[ECO "A45"]
[NIC "QP.07"]
[Time "20:39:12"]
[TimeControl "180+0"]

1. d4 Nf6 2. e3 e6 3. f4 c5 4. Nf3 Qb6 5. c3 Nc6 6. Bd3 d6 7. O-O cxd4 8.
exd4 Be7 9. Kh1 O-O 10. Nbd2 a6 11. Ng5 h6 12. Nge4 Bd7 13. g4 Nxe4 14. Nxe4
d5 15. Ng3 Bh4 16. g5 Bxg3 17. hxg3 hxg5 18. fxg5 g6 19. Kg2 e5 20. Rh1 exd4
21. c4 dxc4 22. Bxc4 Ne5 23. b3 Bc6+ 24. Kf2 Bxh1 25. Qxh1 Nxc4 26. bxc4
Rae8 27. Bf4 d3+ 28. Kf3 Qd4 29. Rg1 Qxc4 30. Qh2 Qd5+ 31. Kg4 Qf5+ 32. Kf3
Re2 33. Qh4 Qe4+ 34. Kg4 f5+ {White forfeits on time} 0-1

[Event "ICCopen2017"]
[Site "Internet Chess Club"]
[Date "2017.03.19"]
[Round "8"]
[White "unkavalo"]
[Black "tirandopiezas"]
[Result "0-1"]
[ICCResult "White forfeits on time"]
[WhiteElo "2422"]
[BlackElo "1843"]
[Opening "English opening"]
[ECO "A16"]
[NIC "EO.64"]
[Time "20:39:06"]
[TimeControl "180+0"]

1. c4 Nf6 2. Nc3 g6 3. g3 Bg7 4. Bg2 O-O 5. Nf3 d6 6. O-O Bg4 7. h3 Bd7 8.
d4 Qc8 9. Kh2 Nc6 10. e4 e5 11. dxe5 Nxe5 12. Nxe5 dxe5 13. b3 c6 14. Ba3
Re8 15. Qd2 Be6 16. Rad1 Nd7 17. Na4 b6 18. f4 Nf8 19. f5 gxf5 20. exf5 Bxf5
21. Bxc6 Qxc6 22. Rxf5 e4 23. Qd5 Qg6 24. Rg5 Qh6 25. Bb2 Ng6 26. Bxg7 Qxg7
27. Qf5 e3 28. Re1 Re5 29. Qf3 Rae8 30. Rxe5 Qxe5 31. Re2 Kh8 32. Nb2 Nh4
33. Qxf7 Nf5 34. Rg2 e2 35. Nd3 Qe6 36. Qxe6 Rxe6 37. Ne1 Nd4 38. g4 Rf6 39.
Kg3 Rf1 40. Nc2 Rf3+ 41. Kh4 Rc3 42. Ne1 Rc1 43. Nd3 Rd1 44. Rxe2 Nxe2 45.
Nb4 Nd4 46. Nd5 Rd3 47. Kg5 Nf3+ 48. Kf4 Ng1 49. Ke4 Rxh3 50. b4 Ra3 51. c5
bxc5 52. bxc5 Ne2 {White forfeits on time} 0-1

[Event "ICCopen2017"]
[Site "Internet Chess Club"]
[Date "2017.03.19"]
[Round "8"]
[White "kaens"]
[Black "charlestehace"]
[Result "0-1"]
[ICCResult "White forfeits on time"]
[WhiteElo "2290"]
[BlackElo "3163"]
[Opening "Queen's bishop game"]
[ECO "D02"]
[NIC "QP.08"]
[Time "20:38:42"]
[TimeControl "180+0"]

1. d4 d5 2. Nf3 Nf6 3. Bf4 c5 4. c3 Nc6 5. e3 cxd4 6. exd4 Nh5 7. Bg5 h6 8.
Bh4 g5 9. Bg3 Bg7 10. Bd3 Nxg3 11. hxg3 Qd6 12. Nbd2 e6 13. Qe2 Bd7 14. Nb3
b6 15. a4 a5 16. Bb5 O-O 17. O-O g4 18. Nh4 h5 19. Nc1 e5 20. Bxc6 Qxc6 21.
dxe5 Rae8 22. Nd3 f6 23. e6 Rxe6 24. Qd2 Rd6 25. Nf4 Bh6 26. Qd3 f5 27. Ne2
Qc4 28. Rfd1 Qxd3 29. Rxd3 Re8 30. Nd4 Rf6 31. b4 f4 32. gxf4 Bxf4 33. g3
Bd6 34. bxa5 bxa5 35. Ng2 Ref8 36. Rd2 Be5 37. Ne3 Bxd4 38. cxd4 Bc6 39. Rc2
R8f7 40. Rac1 Bxa4 41. Ra2 Bb3 42. Rd2 a4 43. Rc8+ Kg7 44. Rc5 Rd7 45. Ra5
Kg6 46. Rd3 Kg5 47. Ng2 Rc6 48. Nf4 Rc1+ 49. Kg2 Bc2 50. Re3 Kf6 51. Ra6+
Kf7 52. f3 gxf3+ 53. Kxf3 Be4+ 54. Kf2 Rc2+ 55. Ne2 Rc4 56. Ra5 Re7 57. g4
hxg4 58. Kg3 Re6 59. Nf4 Rd6 60. Ra7+ Kf6 61. Nh5+ Kg5 62. Nf4 Rxd4 63. Re7
Kf6 64. Re5 Kxe5 65. Ng6+ Kf6 66. Rxe4 Rxe4 67. Kh4 Kxg6
{White forfeits on time}
0-1

[Event "ICCopen2017"]
[Site "Internet Chess Club"]
[Date "2017.03.19"]
[Round "8"]
[White "Ricardov"]
[Black "dfvm"]
[Result "0-1"]
[ICCResult "White forfeits on time"]
[WhiteElo "2238"]
[BlackElo "2020"]
[Opening "Sicilian: Kan, 5.Nc3"]
[ECO "B43"]
[NIC "SI.41"]
[Time "20:38:29"]
[TimeControl "180+0"]

1. e4 c5 2. Nf3 e6 3. d4 cxd4 4. Nxd4 a6 5. Nc3 Qc7 6. Bd3 Nf6 7. O-O d6 8.
f4 Nbd7 9. Kh1 b5 10. Qe2 Bb7 11. a3 Be7 12. Bd2 Rc8 13. Rae1 Nc5 14. e5
Nfd7 15. exd6 Qxd6 16. Be3 Nxd3 17. Qxd3 Nc5 18. Qe2 O-O 19. f5 e5 20. f6
Bxf6 21. Nf5 Qc6 22. Nh6+ gxh6 23. Bxc5 Qxc5 24. Rxf6 Rc6 25. Ne4 Qd5 26.
Qh5 Rxc2 27. Qxh6 Qxe4 28. Rxe4 Bxe4 29. h4 Bxg2+ 30. Kg1 Be4 31. Rf2 Rxf2
32. Kxf2 Bg6 33. h5 e4 34. hxg6 fxg6+ 35. Ke3 Rf3+ 36. Kxe4 Rf5 37. Qc1 Rf8
38. Qc7 Rf7 39. Qc8+ Kg7 40. Qxa6 h5 41. Qxb5 h4 42. Kd3 h3 43. Qe5+ Kg8 44.
Qg3 Rd7+ 45. Kc3 Kg7 46. Qxh3 Rc7+ 47. Kb3 Rb7+ 48. Ka2 Rf7 49. Qc3+ Kh7 50.
a4 Kg8 51. Qh3 Kg7 52. Qc8 Rf8 53. Qc3+ Rf6 54. a5 Kf7 55. Qc7+ Kf8
{White forfeits on time}
0-1

[Event "ICCopen2017"]
[Site "Internet Chess Club"]
[Date "2017.03.19"]
[Round "8"]
[White "flashlight"]
[Black "TaijiChess22"]
[Result "0-1"]
[ICCResult "White forfeits on time"]
[WhiteElo "2073"]
[BlackElo "1827"]
[Opening "Trompowsky attack (Ruth, Opocenský opening)"]
[ECO "A45"]
[NIC "QP.07"]
[Time "20:37:40"]
[TimeControl "180+0"]

1. d4 Nf6 2. Bg5 e6 3. e3 Be7 4. Nd2 O-O 5. Bd3 d5 6. f4 h6 7. Bh4 c5 8. c3
Nc6 9. Ngf3 cxd4 10. exd4 Nd7 11. Bxe7 Qxe7 12. O-O f5 13. Ne5 Ndxe5 14.
fxe5 Bd7 15. Kh1 Rf7 16. g4 Raf8 17. gxf5 exf5 18. Qf3 Be6 19. Rg1 Kh8 20.
Rg6 Qd7 21. Rag1 Ne7 22. R6g3 g6 23. Rh3 Rh7 24. Rhg3 Rg8 25. Qg2 Qe8 26.
Nb3 b6 27. Nd2 Qf7 28. Nf3 g5 29. Qf1 Rhg7 30. Nd2 f4 31. R3g2 Bf5 32. Bxf5
Nxf5 33. Qf3 Ne3 34. Re2 Qe6 35. Nf1 Nf5 36. b3 b5 37. Rc2 a6 38. Rd2 Nh4
39. Qg4 Qg6 40. Rf2 Qe4+ 41. Rgg2 Nxg2 42. Qxg2 Qxg2+ 43. Kxg2 Rc7 44. Rf3
Rgc8 45. e6 Kg7 46. h4 Kf6 47. hxg5+ hxg5 48. Ne3 Kxe6 49. Ng4 Rxc3 50. Rf1
Rc2+ 51. Kf3 R8c3+ 52. Ne3 Rxe3+ 53. Kg4 Rg3+ 54. Kh5 Rh2+ 55. Kg6 Rxa2 56.
Re1+ Re3 57. Rc1 Kd7 58. Kxg5 Rxb3 59. Kxf4 Rd3 60. Rc5 Rxd4+ 61. Ke5 Rd3
62. Rc1 Re2+ 63. Kf5 Kd6 64. Kg4 d4 65. Rh1 Kc5 66. Rh6 a5 67. Ra6 a4 68.
Ra5 Kb4 69. Ra8 a3 70. Rb8 a2 71. Ra8 Rd1 72. Rxa2 Rxa2 73. Kg5 Rf2 74. Kh4
Rg1 75. Kh3 Rg8 {White forfeits on time} 0-1

[Event "ICCopen2017"]
[Site "Internet Chess Club"]
[Date "2017.03.19"]
[Round "8"]
[White "Eigeneier"]
[Black "e8thatcat"]
[Result "1-0"]
[ICCResult "Black forfeits on time"]
[WhiteElo "1727"]
[BlackElo "1394"]
[Opening "Queen's pawn game"]
[ECO "A46"]
[NIC "QP.06"]
[Time "20:39:03"]
[TimeControl "180+0"]

1. d4 Nf6 2. Nf3 e6 3. g3 d5 4. Bg2 c6 5. O-O Nbd7 6. c4 Be7 7. Nc3 O-O 8.
Bf4 b6 9. Re1 Bb7 10. e4 dxe4 11. Nxe4 Nxe4 12. Rxe4 c5 13. Re1 cxd4 14.
Qxd4 Bc5 15. Qc3 Qe7 16. a3 Qf6 17. Ne5 Bxg2 18. Nxd7 Qxc3 19. bxc3 Rfd8 20.
Nxc5 Bf3 21. Ne4 Bxe4 22. Rxe4 Rd3 23. Re3 Rad8 24. Rxd3 Rxd3 25. Rc1 h6 26.
Kf1 Rd8 27. Ke2 Rc8 28. Kd3 Rd8+ 29. Ke4 Rc8 30. Kd4 Rd8+ 31. Ke3 Rc8 32.
Rd1 Rxc4 33. Rd8+ Kh7 34. Be5 Ra4 35. Rd7 Kg6 36. Bd6 Rc4 37. Kd3 Rc6 38.
Bf4 a5 39. Rd6 Rc8 40. Rxb6 Rd8+ 41. Rd6 Rxd6+ 42. Bxd6 Kf6 43. Bc7
{Black forfeits on time}
1-0

[Event "ICCopen2017"]
[Site "Internet Chess Club"]
[Date "2017.03.19"]
[Round "8"]
[White "leole51"]
[Black "UnderArmour"]
[Result "0-1"]
[ICCResult "White forfeits on time"]
[WhiteElo "1639"]
[BlackElo "1911"]
[Opening "French: Steinitz, Boleslavsky variation"]
[ECO "C11"]
[NIC "FR.04"]
[Time "20:38:23"]
[TimeControl "180+0"]

1. e4 e6 2. d4 d5 3. Nc3 Nf6 4. e5 Nfd7 5. f4 c5 6. Nf3 Nc6 7. Be3 a6 8. Qd2
b5 9. dxc5 Bxc5 10. Bd3 d4 11. Nxd4 Nxd4 12. Ne4 Qb6 13. Nxc5 Qxc5 14. Be4
Nxc2+ 15. Bxc2 Qc7 16. O-O Bb7 17. Rac1 Qd8 18. Rfd1 Bd5 19. Qb4 Qe7 20.
Qxe7+ Kxe7 21. a4 Rhc8 22. Bd3 bxa4 23. Rxc8 Rxc8 24. Bxa6 Rc2 25. Rd2 Rxd2
26. Bxd2 Bc6 27. Bb4+ Ke8 28. Bd3 h6 29. g4 f6 30. exf6 gxf6 31. Bg6+ Kd8
32. h4 e5 33. g5 fxg5 34. fxg5 hxg5 35. h5 Nf6 36. h6 Be8 37. h7 Nxh7 38.
Bxh7 Kd7 39. Bc3 Ke6 40. Be4 Bb5 41. Kg2 Kf6 42. Kg3 Bd7 43. Bf3 Bf5 44. Bg4
Bc2 45. Kf3 Bd1+ 46. Kg3 Bc2 47. Kf2 Bb3 48. Ke3 Bc2 49. Kd2 Bb1 50. Kc1 Bd3
51. Kd2 Bb1 52. Bd1 Be4 53. Bxa4 g4 54. Ke1 g3 55. Kf1 g2+ 56. Kg1 Kf5 57.
Bd1 Kf4 58. Bd2+ Kg3 59. b4 Bf3 60. Bxf3 Kxf3 61. b5 e4 62. b6 e3 63. Be1
Ke2 64. b7 Kxe1 65. b8=Q e2 66. Qb4+ Kd1 67. Qd4+ Ke1 68. Qc3+ Kd1 69. Qd3+
Ke1 70. Qc3+ Kd1 71. Qa1+ Kd2 {White forfeits on time} 0-1

[Event "ICCopen2017"]
[Site "Internet Chess Club"]
[Date "2017.03.19"]
[Round "8"]
[White "GiantHulk"]
[Black "Anneay"]
[Result "1-0"]
[ICCResult "Black checkmated"]
[WhiteElo "2169"]
[BlackElo "2468"]
[Opening "Nimzovich-Larsen attack: modern variation"]
[ECO "A01"]
[NIC "VO.08"]
[Time "20:38:52"]
[TimeControl "180+0"]

1. b3 e5 2. Bb2 Nc6 3. e3 Nge7 4. Nf3 d6 5. d4 exd4 6. Nxd4 Nxd4 7. Qxd4 Nc6
8. Qf4 Be6 9. Bb5 Qd7 10. Nd2 a6 11. Bd3 O-O-O 12. O-O Be7 13. Bxg7 Rhg8 14.
Bf6 Bh3 15. Be4 d5 16. Bf3 Rg6 17. Bxe7 Nxe7 18. Kh1 Bf5 19. c4 Be6 20. Rac1
Kb8 21. Rfd1 dxc4 22. Nxc4 Qc8 23. Nd6 Rxd6 24. Rxd6 Rg8 25. Rb6 Nd5 26.
Bxd5 Bxd5 27. e4 Be6 28. Rb4 Qd7 29. f3 Rc8 30. Qe5 Ka8 31. Rd4 Qe7 32. Rd2
c6 33. Rcd1 Qb4 34. Qf6 Ka7 35. Rd8 Rxd8 36. Qxd8 c5 37. Qd3 Qa3 38. Qe3
Qxa2 39. Qxc5+ b6 40. Qc7+ Ka8 41. Rd8+ Bc8 42. Rxc8# {Black checkmated} 1-0

[Event "ICCopen2017"]
[Site "Internet Chess Club"]
[Date "2017.03.19"]
[Round "8"]
[White "knightspirit"]
[Black "lmenezes"]
[Result "1-0"]
[ICCResult "Black forfeits on time"]
[WhiteElo "1302"]
[BlackElo "1564"]
[Opening "French: exchange variation"]
[ECO "C01"]
[NIC "FR.01"]
[Time "20:39:06"]
[TimeControl "180+0"]

1. e4 e6 2. d4 d5 3. exd5 exd5 4. Nf3 Nf6 5. Bd3 Bd6 6. Bg5 h6 7. Bh4 O-O 8.
O-O Bg4 9. Nbd2 Nbd7 10. c3 c5 11. Qc2 b6 12. Bf5 Qc7 13. h3 Bh5 14. Rfe1
Rfe8 15. a3 cxd4 16. Nxd4 g6 17. Bd3 g5 18. Bg3 Bxg3 19. fxg3 Qxg3 20. Rf1
Ne5 21. N2f3 Nxd3 22. Qxd3 Bg6 23. Qd1 Ne4 24. Qe1 Re7 25. Qxg3 Nxg3 26.
Rfe1 Rae8 27. Rxe7 Rxe7 28. Re1 Rxe1+ 29. Nxe1 f5 30. Kf2 f4 31. Nef3 Ne4+
32. Ke2 Nd6 33. Nc6 Nc4 34. Ne7+ Kf7 35. Nxd5 Nxb2 36. Ne5+ Kg7 37. Nxg6
Kxg6 38. Nc7 Nc4 39. Nb5 a6 40. Nd6 Nxa3 41. Ne4 Nc4 42. Nd6 b5 43. Nxc4
{Black forfeits on time}
1-0

[Event "ICCopen2017"]
[Site "Internet Chess Club"]
[Date "2017.03.19"]
[Round "8"]
[White "Blitzyy"]
[Black "Parsifal"]
[Result "1-0"]
[ICCResult "Black forfeits on time"]
[WhiteElo "2024"]
[BlackElo "2351"]
[Opening "King's Indian: fianchetto, classical main line"]
[ECO "E69"]
[NIC "KI.62"]
[Time "20:38:58"]
[TimeControl "180+0"]

1. Nf3 g6 2. g3 Bg7 3. Bg2 Nf6 4. O-O d6 5. d4 O-O 6. c4 Nbd7 7. Nc3 e5 8.
e4 c6 9. h3 exd4 10. Nxd4 Re8 11. Re1 a5 12. Be3 Nc5 13. Qc2 Qe7 14. Rad1
Nfd7 15. b3 Ne5 16. f4 Ned7 17. Bf2 Nf8 18. a3 Bd7 19. b4 axb4 20. axb4 Na6
21. Rb1 Ne6 22. Nf3 Qf6 23. e5 dxe5 24. Nxe5 Rad8 25. Bb6 Nxf4 26. Bxd8 Qxd8
27. gxf4 Bf5 28. Ne4 Qh4 29. Qf2 Qe7 30. b5 cxb5 31. Rxb5 Qc7 32. Rxb7 Qa5
33. Nxf7 Rf8 34. Nfd6 Be6 35. Nf6+ Rxf6 36. Rxg7+ Kxg7 37. Ne8+ Kf7 38. Nxf6
Kxf6 39. Qd4+ Kf7 40. Qe5 Qxe5 41. Rxe5 Bxc4 42. Ra5 Nb4 43. Ra4 Be6 44.
Rxb4 Kf6 45. Rb6 Kf5 46. Kh2 Kf6 47. h4 Ke7 48. Rb4 Bf5 49. Kg3 h5 50. Rd4
Kf6 51. Be4 {Black forfeits on time} 1-0

[Event "ICCopen2017"]
[Site "Internet Chess Club"]
[Date "2017.03.19"]
[Round "8"]
[White "Buscapina"]
[Black "Shadeath"]
[Result "1-0"]
[ICCResult "Black forfeits on time"]
[WhiteElo "2021"]
[BlackElo "2847"]
[Opening "Caro-Kann: exchange, Rubinstein variation"]
[ECO "B13"]
[NIC "CK.02"]
[Time "20:38:37"]
[TimeControl "180+0"]

1. e4 c6 2. d4 d5 3. exd5 cxd5 4. Bd3 Nc6 5. c3 Nf6 6. Bf4 Bg4 7. Qb3 Qc8 8.
Nd2 e6 9. Ngf3 Be7 10. O-O Bh5 11. Rfe1 Bg6 12. Bb5 O-O 13. Ne5 Nxe5 14.
Bxe5 a6 15. Bf1 Nd7 16. Bg3 Qc6 17. a4 Bd6 18. a5 Rab8 19. Nf3 Rfe8 20. Bxd6
Qxd6 21. Ne5 f6 22. Nxd7 Qxd7 23. Ra4 Qc7 24. Rb4 Bf7 25. Rb6 e5 26. dxe5
fxe5 27. Qb4 Red8 28. f4 e4 29. g3 d4 30. cxd4 Bd5 31. Qc5 Qf7 32. Rd6 Rxd6
33. Qxd6 Re8 34. Re3 h6 35. Bh3 Kh8 36. Qd7 Re7 37. Qf5 Qg8 38. Qc8 Re8 39.
Qc5 Qf7 40. Bg2 Rd8 41. Bxe4 Qe8 42. Qc2 Rc8 43. Qe2 Rc1+ 44. Kg2 Bxe4+ 45.
Rxe4 Qc6 46. Kh3 Qd7+ 47. g4 Rc8 48. f5 Rf8 49. Qe3 h5 50. Re7 hxg4+ 51.
Kxg4 Qxf5+ 52. Kg3 Qg6+ 53. Kh3 Rf5 54. Re4 Rh5+ 55. Rh4 Qf5+ 56. Kg3 Qg6+
57. Kh3 Qf5+ 58. Kg3 Qg6+ 59. Rg4 Qd6+ 60. Qf4 Qd5 61. Qf8+ Qg8 62. Qxg8+
Kxg8 63. Re4 Rxa5 64. Re7 Rb5 65. Re2 Kf8 66. Kf4 Rb3 67. Ke4 Rh3 68. Kd5
Rh6 69. Kc5 Kf7 70. Kd5 b6 71. Rf2+ Ke7 72. Rd2 Kd7 73. Rc2 Rh5+ 74. Ke4
Rh4+ 75. Kd3 Rh6 76. Kc4 Rh3 77. Re2 b5+ 78. Kb4 Rh6 79. Ka5 Rc6 80. Rc2 Rc4
81. Re2 Ra4+ 82. Kb6 Rxd4 83. Rg2 Rd6+ 84. Kb7 Re6 85. Rf2 Kd6 86. Rd2+
{Black forfeits on time}
1-0

[Event "ICCopen2017"]
[Site "Internet Chess Club"]
[Date "2017.03.19"]
[Round "8"]
[White "A4-H5"]
[Black "blackending"]
[Result "0-1"]
[ICCResult "White forfeits on time"]
[WhiteElo "1801"]
[BlackElo "1612"]
[Opening "Nimzovich-Larsen attack: Indian variation"]
[ECO "A01"]
[NIC "VO.08"]
[Time "20:38:04"]
[TimeControl "180+0"]

1. b3 Nf6 2. Bb2 e6 3. f4 Be7 4. Nf3 O-O 5. e3 d6 6. Bd3 Nbd7 7. O-O c6 8.
Qe1 Qc7 9. c4 e5 10. Bf5 Nc5 11. d4 Bxf5 12. dxc5 exf4 13. exf4 dxc5 14. Be5
Bd6 15. Bxf6 gxf6 16. Qh4 Kg7 17. Qg3+ Kh8 18. Nh4 Bg6 19. Qc3 Be7 20. h3
Rad8 21. f5 Bh5 22. g4 Bxg4 23. hxg4 Rg8 24. Qf3 Rg5 25. Qf4 Bd6 26. Qf3
Rdg8 27. Ng2 Rxg4 28. Rf2 Bh2+ 29. Kf1 Rg3 30. Qh5 Qe5 31. Qxh2 Qxa1 32. Ne1
Rg1+ 33. Qxg1 Rxg1+ 34. Kxg1 Qxb1 35. Rf1 Qe4 36. Nf3 Qg4+ 37. Kf2 Qxf5 38.
Ke3 Qc2 39. Rf2 Qc3+ 40. Kf4 Qd4+ 41. Kg3 Qd6+ 42. Kg2 f5 43. Nh4 f4 44. Kf3
Qh6 45. Ng2 Qh5+ 46. Kxf4 f5 47. Ke3 Qg4 48. Nf4 Qg3+ 49. Rf3 Qg1+ 50. Rf2
Qe1+ 51. Kf3 Qc1 52. Kg2 Qe3 53. Kh2 Qe1 54. Kh3 Qe4 55. Kh4 Qe7+ 56. Kg3
Qf6 57. Kg2 Qg5+ 58. Kf3 Qg4+ 59. Ke3 Qe2+ 60. Kxe2 Kg7 61. Ke3 Kf6
{White forfeits on time}
0-1

[Event "ICCopen2017"]
[Site "Internet Chess Club"]
[Date "2017.03.19"]
[Round "8"]
[White "wmanthony"]
[Black "habishek"]
[Result "1-0"]
[ICCResult "Black forfeits on time"]
[WhiteElo "1280"]
[BlackElo "1007"]
[Opening "Philidor's defense"]
[ECO "C41"]
[NIC "KP.08"]
[Time "20:38:59"]
[TimeControl "180+0"]

1. e4 e5 2. Nf3 d6 3. d4 Bg4 4. dxe5 Bxf3 5. gxf3 Nc6 6. exd6 Bxd6 7. Nc3
Nge7 8. Be3 O-O 9. Qd2 Bb4 10. Qxd8 Raxd8 11. Bd3 Bxc3+ 12. bxc3 a6 13.
O-O-O Na7 14. Bxa7 b6 15. Bxa6 Ra8 16. Bxb6 cxb6 17. Bc4 Rfb8 18. Bb3 b5 19.
Rd7 Ng6 20. Bxf7+ Kf8 21. Bb3 Nf4 22. Rf7+ Ke8 23. Rxf4 b4 24. cxb4 Rxb4 25.
Rg1 g6 26. Rf6 Ra7 27. Rd1 Rb8 28. Rdd6 Ke7 29. Rfe6+ Kf7 30. Re5+ Kg7 31.
Red5 Kh6 32. Rd7 Rxd7 33. Rxd7 Rf8 34. Rd3 Rf6 35. a4 Kg5 36. Bd5 Kh4 37.
Ra3 Ra6 38. a5 Ra7 39. a6 {Black forfeits on time} 1-0

[Event "ICCopen2017"]
[Site "Internet Chess Club"]
[Date "2017.03.19"]
[Round "8"]
[White "Colombiano07"]
[Black "Trentosk"]
[Result "0-1"]
[ICCResult "White forfeits on time"]
[WhiteElo "2015"]
[BlackElo "2552"]
[Opening "Queen's pawn game"]
[ECO "A46"]
[NIC "QP.05"]
[Time "20:39:09"]
[TimeControl "180+0"]

1. d4 Nf6 2. Nf3 e6 3. Bf4 d5 4. e3 c5 5. c3 Nc6 6. Bd3 Qb6 7. Qb3 c4 8.
Qxb6 axb6 9. Bc2 b5 10. Nbd2 b4 11. O-O b5 12. Ne5 Nxe5 13. Bxe5 Nd7 14. Bg3
Be7 15. e4 Nb6 16. Rfe1 O-O 17. Bc7 Bd8 18. Bd6 bxc3 19. bxc3 Re8 20. exd5
Nxd5 21. a4 Nxc3 22. axb5 Rxa1 23. Rxa1 Nxb5 24. Nxc4 Nxd4 25. Ba4 Re7 26.
Bxe7 Bxe7 27. Rd1 Bc5 28. Ne5 f6 29. Nc6 e5 30. Nxd4 Bxd4 31. Bb5 Be6 32.
Kf1 Kf7 33. Ke2 h5 34. f3 h4 35. h3 Kg6 36. Bd3+ Kg5 37. Rc1 Kf4 38. Rc7 g5
39. Rc6 Ba2 40. Rxf6+ Kg3 41. Be4 Bc4+ 42. Kd2 Bf1 43. Rg6 Kf4 44. Rf6+ Kg3
45. Rf5 Bxg2 46. Rxg5+ Kxh3 47. Ke2 Kh2 48. Rg4 h3 49. Rh4 Kg3 50. Rg4+ Kh2
51. Rg8 Kg1 52. Rh8 Kh2 53. Rg8 Kg1 54. Rh8 h2 55. Rxh2 Kxh2 56. Kd3 Kg3 57.
Ke2 Kf4 58. Bd5 Bh3 59. Be4 Bf5 60. Bd5 Bg6 61. Bc6 Bf5 62. Bd5 Bc8 63. Bc6
Ba6+ 64. Kd2 Bc4 65. Be4 Be6 66. Ke1 Bh3 67. Ke2 Bg2 68. Bd3 Bh3 69. Bc4 Bd7
70. Kd2 Bf5 {White forfeits on time} 0-1

[Event "ICCopen2017"]
[Site "Internet Chess Club"]
[Date "2017.03.19"]
[Round "8"]
[White "bythebook"]
[Black "sec7"]
[Result "1-0"]
[ICCResult "Black forfeits on time"]
[WhiteElo "1573"]
[BlackElo "1294"]
[Opening "French: King's Indian attack"]
[ECO "C00"]
[NIC "FR.02"]
[Time "20:39:04"]
[TimeControl "180+0"]

1. e4 e6 2. d3 d5 3. Nd2 dxe4 4. dxe4 Nc6 5. g3 Bd6 6. Bg2 Nf6 7. Ngf3 O-O
8. O-O e5 9. c3 Re8 10. Qc2 b6 11. Rd1 Qe7 12. Nc4 Bc5 13. b4 Bd6 14. Ne3
Ba6 15. Nf5 Qd8 16. Bg5 Re6 17. a4 Bb7 18. Rd2 Ne7 19. N3h4 h6 20. Be3 Nxf5
21. Nxf5 Qe8 22. Rad1 Ng4 23. Bh3 Nxe3 24. Nxe3 Re7 25. Nf5 Re6 26. Nxd6
Rxd6 27. Rxd6 cxd6 28. Rxd6 Rd8 29. Qd2 Rxd6 30. Qxd6 Kh7 31. Bd7 Qa8 32. f3
Bc8 33. Qxe5 Bxd7 34. b5 Qc8 35. Qd4 Be6 36. Kf2 Qc4 37. Ke3 Qb3 38. f4 Bc4
39. e5 Qxa4 40. Qe4+ Kg8 41. Qa8+ Kh7 42. Qe4+ g6 43. f5 Qxb5 44. fxg6+ Kg7
45. gxf7 Qc5+ 46. Qd4 Qxd4+ 47. cxd4 Kxf7 48. e6+ Kxe6 49. Kf4
{Black forfeits on time}
1-0

[Event "ICCopen2017"]
[Site "Internet Chess Club"]
[Date "2017.03.19"]
[Round "8"]
[White "ROWLAND"]
[Black "star-night"]
[Result "0-1"]
[ICCResult "White forfeits on time"]
[WhiteElo "1463"]
[BlackElo "1945"]
[Opening "Caro-Kann: Panov-Botvinnik attack"]
[ECO "B13"]
[NIC "CK.03"]
[Time "20:39:42"]
[TimeControl "180+0"]

1. e4 d5 2. exd5 Nf6 3. c4 c6 4. d4 cxd5 5. Nc3 Nc6 6. Nf3 e6 7. a3 Be7 8.
Bd3 O-O 9. O-O dxc4 10. Bxc4 b6 11. d5 Na5 12. Ba2 exd5 13. Nxd5 Nxd5 14.
Qxd5 Be6 15. Qh5 Bxa2 16. Rxa2 Bf6 17. Ng5 Bxg5 18. Bxg5 Qd5 19. Qg4 Qxa2
20. Bf6 g6 21. Qg5 Qe6 22. f4 Qd6 23. f5 Rfe8 24. fxg6 Qc5+ 25. Qxc5 bxc5
26. gxh7+ Kxh7 27. h3 Re2 28. Rf4 Kg6 29. Bc3 Nc4 30. Rf6+ Kg5 31. Rxf7 Ne3
32. Kh2 Rxg2+ 33. Kh1 Rd8 34. h4+ Kg4 35. Rg7+ Kh3 36. Rxg2 Nxg2 37. Kg1
Nxh4 38. Kf2 Kg4 39. Ke2 Kf5 40. Ke3 Ng6 41. Kf2 Ne5 42. Kg3 Rd3+ 43. Kh4
Rxc3 44. Kh5 Rb3 {White forfeits on time} 0-1

[Event "ICCopen2017"]
[Site "Internet Chess Club"]
[Date "2017.03.19"]
[Round "8"]
[White "zhuzhenghai008"]
[Black "devotional"]
[Result "0-1"]
[ICCResult "White resigns"]
[WhiteElo "1819"]
[BlackElo "2087"]
[Opening "KP: King's head opening"]
[ECO "A00"]
[Time "20:39:47"]
[TimeControl "180+0"]

1. f3 e5 2. e4 Bc5 3. Ne2 Nc6 4. Nbc3 a5 5. g3 h5 6. h4 Nf6 7. Bh3 d5 8.
Bxc8 Rxc8 9. exd5 Nxd5 10. Ne4 Bb6 11. d3 Ne3 12. Bxe3 Bxe3 13. Kf1 f5 14.
Nd2 O-O 15. Nc4 Bc5 16. Kg2 Qd5 17. Nc3 Qd4 18. Qf1 Rce8 19. Re1 Bb4 20. Ne2
Qd5 21. Rd1 b5 22. Nd2 Qxa2 23. c3 Bd6 24. Rb1 Qd5 25. Nc1 Rf6 26. Qf2 e4
27. Re1 Rg6 28. f4 exd3+ 29. Kh2 Rxe1 30. Qxe1 Re6 31. Qf1 Re3 32. b3 Ne7
33. c4 Qd4 34. Qf2 Re2 35. Qxe2 dxe2 36. Nf3 Qf2+ {White resigns} 0-1

[Event "ICCopen2017"]
[Site "Internet Chess Club"]
[Date "2017.03.19"]
[Round "8"]
[White "dashingfox"]
[Black "zxgifteD"]
[Result "0-1"]
[ICCResult "White resigns"]
[WhiteElo "1836"]
[BlackElo "2185"]
[Opening "Ruy Lopez: closed, Ragozin-Petrosian (`Keres') variation"]
[ECO "C92"]
[NIC "RL.21"]
[Time "20:41:44"]
[TimeControl "180+0"]

1. e4 e5 2. Nf3 Nc6 3. Bb5 a6 4. Ba4 Nf6 5. O-O Be7 6. Re1 b5 7. Bb3 d6 8.
c3 O-O 9. h3 Nd7 10. d4 Bf6 11. d5 Na5 12. Bc2 Nc4 13. b3 Ncb6 14. Nbd2 Bb7
15. Nf1 Nc5 16. Ng3 g6 17. Bh6 Re8 18. Qe2 c6 19. c4 bxc4 20. bxc4 a5 21.
Rab1 Ba6 22. Bd3 cxd5 23. exd5 Nxd5 24. Ne4 Nxe4 25. Bxe4 Nc3 26. Qc2 Nxb1
27. Bxa8 Qxa8 28. Rxb1 Qc6 29. Nd2 Rc8 30. Ne4 Be7 31. c5 d5 32. Ng5 Bxc5
33. Qc3 Bxf2+ 34. Kxf2 Qxc3 35. Nf3 Qc2+ {White resigns} 0-1

[Event "ICCopen2017"]
[Site "Internet Chess Club"]
[Date "2017.03.19"]
[Round "8"]
[White "Troy"]
[Black "GmGolden1"]
[Result "0-1"]
[ICCResult "White checkmated"]
[WhiteElo "1385"]
[BlackElo "1562"]
[Opening "Queen's pawn"]
[ECO "A40"]
[NIC "QO.17"]
[Time "20:41:02"]
[TimeControl "180+0"]

1. d4 e6 2. Nf3 d5 3. Bf4 Nf6 4. e3 c5 5. c4 Nc6 6. cxd5 exd5 7. dxc5 Bxc5
8. Bb5 O-O 9. a3 Re8 10. O-O Bg4 11. h3 Bh5 12. Qc2 Bxf3 13. gxf3 Bd6 14.
Bg5 Rc8 15. Qe2 h6 16. Bh4 d4 17. e4 Qc7 18. Kg2 Nh5 19. Bg3 Bxg3 20. fxg3
Nxg3 21. Qf2 Nxf1 22. Qxf1 Ne5 23. Nd2 Re6 24. Qh1 Ng6 25. Kf2 Nf4 26. Bc4
Rc6 27. b3 b5 28. Rc1 bxc4 29. bxc4 Nd3+ 30. Ke2 Nxc1+ 31. Qxc1 Rxc4 32.
Nxc4 Qxc4+ 33. Qxc4 Rxc4 34. Kd3 Rc3+ 35. Kxd4 Rxa3 36. e5 Rxf3 37. Ke4 Rxh3
38. Kd5 Rb3 39. Kc4 Rb1 40. Kd5 Kf8 41. Kd6 Ke8 42. e6 fxe6 43. Kxe6 a5 44.
Kf5 a4 45. Kg6 a3 46. Kxg7 a2 47. Kxh6 a1=Q 48. Kg5 Rf1 49. Kg4 Qb2 50. Kg5
Qg2+ 51. Kh4 Rh1# {White checkmated} 0-1